[Event "42nd Olympiad Baku 2016 Open"]
[Site "Baku"]
[Date "2016.09.08"]
[Round "6.36"]
[White "Can, Emre"]
[Black "Thorfinnsson, Bragi"]
[Result "1/2-1/2"]
[ECO "D38"]
[WhiteElo "2565"]
[BlackElo "2430"]
[Annotator ""]
[PlyCount "77"]
[EventDate "2016.??.??"]
[EventCountry "AZE"]
[SourceTitle "playchess.com"]
[Source "ChessBase"]
[WhiteTeam "Turkey"]
[BlackTeam "Iceland"]
[WhiteTeamCountry "TUR"]
[BlackTeamCountry "ISL"]
[TimeControl "40/5400+30:1800+30"]

1. d4 {(00:00} Nf6 {(00:17} 2. c4 {(00:10} e6 {(
00:18} 3. Nf3 {(00:29} d5 {(01:32} 4. Nc3 {(00:44} Bb4
{(00:14} 5. cxd5 {(01:48} exd5 {(00:29} 6. Bg5 {
(00:21} h6 {(03:50} 7. Bh4 {(00:12} Nbd7 {(00:
12} 8. e3 {(05:00} g5 {(03:29} 9. Bg3 {(00:08} Ne4 {
(00:05} 10. Nd2 {(02:38} Nxg3 {(04:03} 11. hxg3 {
(00:10} c6 {(05:10} 12. Qb3 {(00:50} Qe7 {(01:
48} 13. O-O-O {(11:01} Nf6 {(10:04} 14. Bd3 {(04:44}
Be6 {(00:47} 15. Kb1 {(05:32} O-O-O {(02:31} 16. Qc2 {
(00:16} Kb8 {(02:57} 17. Nb3 {(01:32} h5 {(09:
33} 18. Na4 {(07:36} h4 {(02:16} 19. gxh4 {(02:43}
gxh4 {(00:11} 20. Nac5 {(04:57} Rdg8 {(03:31} 21. f3 {
(11:06} Nh5 {(04:34} 22. a3 {(05:27} Bxc5 {(00:
21} 23. Nxc5 {(01:53} Bc8 {(05:23} 24. Qf2 {(11:55}
Ng3 {(06:26} 25. Rhe1 {(00:20} Qf6 {(03:22} 26. Bc2 {
(02:45} Rg7 {(03:50} 27. Nd3 {(01:20} Rhg8 {(01:
15} 28. Nf4 {(04:17} Qg5 {(01:59} 29. Rg1 {(05:34} Qh6
{(06:27} 30. Ka1 {(04:26} Re8 {(02:36} 31. Qd2 {
(02:14} Qd6 {(02:05} 32. Rge1 {(00:32} f6 {(05:
09} 33. Rc1 {(01:32} Reg8 {(02:43} 34. Bd3 {(00:49}
Bd7 {(02:03} 35. Rc3 {(00:39} Be8 {(00:56} 36. Bf1 {
(00:23} Nh5 {(01:24} 37. Nd3 {(01:11} Ng3 {(00:
11} 38. Nf4 {(00:06} Nh5 {(00:42} 39. Nd3 {(00:24}
1/2-1/2

[Event "42nd Olympiad Baku 2016 Open"]
[Site "Baku"]
[Date "2016.09.08"]
[Round "6.31"]
[White "Capone, Nicola"]
[Black "Masango, Spencer"]
[Result "1-0"]
[ECO "A46"]
[WhiteElo "2373"]
[BlackElo "2200"]
[Annotator ""]
[PlyCount "81"]
[EventDate "2016.??.??"]
[EventCountry "AZE"]
[SourceTitle "playchess.com"]
[Source "ChessBase"]
[WhiteTeam "Belgium"]
[BlackTeam "Zimbabwe"]
[WhiteTeamCountry "BEL"]
[BlackTeamCountry "ZIM"]
[TimeControl "40/5400+30:1800+30"]

1. d4 {(00:00} Nf6 {(00:03} 2. Nf3 {(00:00} e6 {
(00:12} 3. c4 {(00:00} d5 {(00:35} 4. e3 {(00:
01} Be7 {(02:01} 5. Nc3 {(00:10} O-O {(00:08} 6. Bd3 {
(00:25} b6 {(01:12} 7. cxd5 {(00:04} exd5 {(00:
02} 8. O-O {(00:16} Bg4 {(00:54} 9. b3 {(06:53} Bb4 {
(06:11} 10. Ne2 {(07:33} Ne4 {(05:12} 11. Qc2 {(
13:58} Bxf3 {(07:54} 12. gxf3 {(00:07} Nf6 {(00:27}
13. Bb2 {(01:23} Nbd7 {(13:37} 14. Ng3 {(08:51} Re8 {
(06:36} 15. Rac1 {(04:21} Bd6 {(04:37} 16. Nf5 {
(03:38} Nf8 {(02:05} 17. Bb5 {(05:03} Re6 {(02:
29} 18. Nxd6 {(00:05} cxd6 {(01:29} 19. Qc7 {(00:09}
Ne8 {(04:05} 20. Qxd8 {(00:17} Rxd8 {(00:01} 21. Rc2 {
(04:58} Rg6+ {(00:20} 22. Kh1 {(00:04} Ne6 {(00:
25} 23. Bd3 {(11:52} Rf6 {(03:11} 24. f4 {(00:11} g6 {
(07:30} 25. Rfc1 {(00:37} N6g7 {(01:34} 26. Ba6 {
(07:33} Re6 {(01:36} 27. Rc8 {(00:36} Rxc8 {(01:
59} 28. Rxc8 {(00:22} Re7 {(01:11} 29. Ba3 {(02:05}
Nf5 {(02:49} 30. Bb5 {(00:27} Kf8 {(02:36} 31. Bc6 {
(00:31} h5 {(05:12} 32. Kg2 {(00:56} Nh4+ {(00:
55} 33. Kf1 {(00:23} Nf5 {(00:06} 34. Rd8 {(01:31} f6
{(03:17} 35. Ra8 {(03:34} g5 {(00:48} 36. fxg5 {
(00:06} fxg5 {(00:03} 37. Rd8 {(00:19} Kf7 {(05:
57} 38. Bxd5+ {(00:05} Kg7 {(00:42} 39. e4 {(00:32}
Nh4 {(06:24} 40. e5 {(00:00} a5 {(00:00} 41. exd6 {
(01:57} 1-0

[Event "42nd Olympiad Baku 2016 Open"]
[Site "Baku"]
[Date "2016.09.08"]
[Round "6.5"]
[White "Caruana, Fabiano"]
[Black "Eljanov, Pavel"]
[Result "1-0"]
[ECO "B31"]
[WhiteElo "2808"]
[BlackElo "2739"]
[Annotator ""]
[PlyCount "105"]
[EventDate "2016.??.??"]
[EventCountry "AZE"]
[SourceTitle "playchess.com"]
[Source "ChessBase"]
[WhiteTeam "United States"]
[BlackTeam "Ukraine"]
[WhiteTeamCountry "USA"]
[BlackTeamCountry "UKR"]
[TimeControl "40/5400+30:1800+30"]

1. e4 {(00:00} c5 {(00:00} 2. Nf3 {(00:00} Nc6 {
(00:00} 3. Bb5 {(00:00} g6 {(00:00} 4. Bxc6 {(
00:24} bxc6 {(00:00} 5. O-O {(00:20} Bg7 {(00:22} 6.
Re1 {(00:19} Nh6 {(00:47} 7. c3 {(00:34} O-O {(
00:31} 8. h3 {(00:42} f5 {(00:17} 9. e5 {(00:06} Nf7 {
(00:05} 10. d3 {(03:17} Rb8 {(01:08} 11. Na3 {(
06:11} Ba6 {(03:05} 12. Nc4 {(41:01} Bxc4 {(20:44} 13.
dxc4 {(00:05} d6 {(00:04} 14. e6 {(00:51} Ne5 {(
00:08} 15. Nxe5 {(05:26} Bxe5 {(03:45} 16. Bh6 {(01:23]
} Bg7 {(01:30} 17. Bxg7 {(00:32} Kxg7 {(00:04} 18. Rb1
{(01:19} Qa5 {(07:16} 19. a4 {(12:32} Rf6 {(13:
18} 20. Re3 {(07:08} Qa6 {(01:48} 21. b3 {(00:12} Qc8
{(00:19} 22. Qe1 {(01:00} a5 {(11:44} 23. b4 {(
02:50} axb4 {(03:31} 24. cxb4 {(00:04} cxb4 {(00:16}
25. Rxb4 {(00:05} Ra8 {(00:27} 26. Qa1 {(01:46} f4 {
(07:36} 27. Re4 {(01:35} f3 {(00:18} 28. g4 {(
05:00} Kg8 {(00:17} 29. Qd1 {(00:34} Rxe6 {(00:43} 30.
Qxf3 {(00:20} Rxe4 {(02:13} 31. Qxe4 {(00:37} Qc7 {
(04:26} 32. c5 {(05:42} dxc5 {(01:45} 33. Qc4+ {
(00:10} Kg7 {(00:53} 34. Qc3+ {(00:33} Kg8 {(00:
05} 35. Qc4+ {(00:44} Kg7 {(00:13} 36. Qxc5 {(00:40}
Qd6 {(00:16} 37. Qc3+ {(00:16} Qf6 {(00:13} 38. Qe3 {
(00:19} Rf8 {(09:31} 39. Re4 {(01:55} Rf7 {(00:
44} 40. Re5 {(00:00} Qd6 {(00:00} 41. a5 {(03:40} Qd1+
{(09:43} 42. Kg2 {(01:22} Qa1 {(05:17} 43. Qe2 {
(06:42} e6 {(08:13} 44. a6 {(03:19} Qd4 {(03:36]
} 45. Rxe6 {(04:27} c5 {(03:27} 46. Re7 {(03:01} Qd5+ {
(00:35} 47. f3 {(01:10} c4 {(00:11} 48. Rxf7+ {(
03:36} Qxf7 {(01:09} 49. Qe5+ {(01:09} Kh6 {(00:24}
50. Qe3+ {(01:19} Kg7 {(00:30} 51. Qd4+ {(00:09} Kh6 {
(00:14} 52. a7 {(01:12} Qb7 {(03:21} 53. h4 {(
00:13} 1-0

[Event "42nd Olympiad Baku 2016 Open"]
[Site "Baku"]
[Date "2016.09.08"]
[Round "6.19"]
[White "Chimthere, Alfred Charles"]
[Black "Antoniou, Antonis"]
[Result "0-1"]
[ECO "A04"]
[WhiteElo "2037"]
[BlackElo "2172"]
[Annotator ""]
[PlyCount "68"]
[EventDate "2016.??.??"]
[EventCountry "AZE"]
[SourceTitle "playchess.com"]
[Source "ChessBase"]
[WhiteTeam "MAW"]
[BlackTeam "Cyprus"]
[BlackTeamCountry "CYP"]
[TimeControl "40/5400+30:1800+30"]

1. Nf3 {(00:21} d6 {(00:00} 2. g3 {(00:53} e5 {(
00:00} 3. d3 {(00:29} f5 {(00:00} 4. Bg2 {(00:47} Nf6
{(00:00} 5. O-O {(00:38} Be7 {(00:00} 6. c4 {(
00:37} O-O {(00:00} 7. Nc3 {(01:28} Qe8 {(00:02} 8. b4
{(04:16} Qh5 9. Nd5 {(11:38} Nxd5 {(08:43} 10. cxd5 {
(00:02} Nd7 {(04:54} 11. Qc2 {(00:44} Bd8 {(00:
01} 12. Rb1 {(01:16} Nf6 {(03:23} 13. Bg5 {(02:45} Bd7
{(22:51} 14. b5 {(08:32} f4 {(14:01} 15. Rfe1 {(
15:09} Bh3 {(13:48} 16. Bh1 {(09:24} fxg3 {(03:01} 17.
hxg3 {(01:26} Bg4 {(02:13} 18. Bg2 {(04:18} Bxf3 {
(03:05} 19. Bxf6 {(00:28} Bxg2 {(00:21} 20. Kxg2 {
(00:33} Rxf6 {(00:10} 21. Rh1 {(00:23} Qf5 {(07:
03} 22. f3 {(00:25} Rf7 {(00:23} 23. Rh3 {(00:31} Bg5
{(00:36} 24. Rb4 {(00:42} Be3 {(02:09} 25. a4 {(
01:11} Bb6 {(03:15} 26. Rbh4 {(00:15} g6 {(02:43} 27.
Qd2 {(00:27} a6 28. a5 {(01:26} Bc5 {(03:22} 29. Qb2 {
(01:08} Qd7 {(05:09} 30. bxa6 {(00:55} bxa6 {(
00:01} 31. Qb7 {(00:11} Qc8 {(00:12} 32. Qb1 {(00:41}
Rb8 {(00:16} 33. Qh1 {(00:05} Qd7 {(00:22} 34. Rg4 {
(00:05} Qxg4 {(00:22} 0-1

[Event "42nd Olympiad Baku 2016 Open"]
[Site "Baku"]
[Date "2016.09.08"]
[Round "6.2"]
[White "Chinasamy, Devarajen"]
[Black "Mwanyika, Geoffrey"]
[Result "1-0"]
[ECO "C00"]
[WhiteElo "2018"]
[BlackElo "1850"]
[Annotator ""]
[PlyCount "61"]
[EventDate "2016.??.??"]
[EventCountry "AZE"]
[SourceTitle "playchess.com"]
[Source "ChessBase"]
[WhiteTeam "Mauritius"]
[BlackTeam "Tanzania"]
[WhiteTeamCountry "MRI"]
[BlackTeamCountry "TAN"]
[TimeControl "40/5400+30:1800+30"]

1. e4 {(00:00} e6 {(00:00} 2. d4 {(00:00} Nf6 {(
00:58} 3. Nc3 {(00:26} Bb4 {(00:13} 4. Bd3 {(00:24} b6
{(02:20} 5. Nf3 {(01:33} Bb7 {(01:27} 6. Qe2 {(
00:21} h6 {(02:04} 7. O-O {(00:32} Bxc3 {(00:42} 8.
bxc3 {(00:08} Qe7 {(00:32} 9. a4 {(01:32} a5 {(
01:52} 10. Ba3 {(00:52} d6 {(01:52} 11. Bb5+ {(08:21}
c6 {(05:23} 12. Bd3 {(01:50} c5 {(01:49} 13. Rab1 {
(02:48} Qc7 {(00:33} 14. e5 {(03:27} Nd5 {(00:
57} 15. exd6 {(00:51} Qxd6 {(00:33} 16. dxc5 {(00:57}
Qd8 {(05:53} 17. Qe5 {(11:21} O-O {(09:06} 18. cxb6 {
(01:40} Nc6 {(02:38} 19. Qe4 {(02:24} Nf6 {(01:
23} 20. Qh4 {(03:56} Re8 {(01:08} 21. Rfd1 {(00:30}
Qc8 {(00:54} 22. Bb5 {(02:45} Nd5 {(00:42} 23. Rd3 {
(02:06} Nxb6 {(11:34} 24. c4 {(02:04} Nd7 {(06:
15} 25. Qg3 {(01:42} Nf8 {(13:24} 26. Bb2 {(03:26} Ng6
{(02:46} 27. Nh4 {(05:50} Kh7 {(07:06} 28. Rbd1 {
(03:21} Rd8 {(03:32} 29. Rxd8 {(01:59} Nxd8 {(
00:04} 30. Nxg6 {(00:15} fxg6 {(10:05} 31. Qe5 {(00:19]
} 1-0

[Event "42nd Olympiad Baku 2016 Open"]
[Site "Baku"]
[Date "2016.09.08"]
[Round "6.31"]
[White "Chunguane, Ilidio Alberto"]
[Black "Pasko, Llambi"]
[Result "1/2-1/2"]
[ECO "A48"]
[WhiteElo "2034"]
[BlackElo "2316"]
[Annotator ""]
[PlyCount "106"]
[EventDate "2016.??.??"]
[EventCountry "AZE"]
[SourceTitle "playchess.com"]
[Source "ChessBase"]
[WhiteTeam "Mozambique"]
[BlackTeam "Albania"]
[WhiteTeamCountry "MOZ"]
[BlackTeamCountry "ALB"]
[TimeControl "40/5400+30:1800+30"]

1. d4 {(00:00} Nf6 {(00:00} 2. Nf3 {(00:15} g6 {
(00:03} 3. Bf4 {(00:55} Bg7 {(00:18} 4. e3 {(00:
55} d6 {(00:19} 5. h3 {(01:18} O-O {(00:48} 6. Be2 {
(00:34} Nfd7 {(01:34} 7. O-O {(01:24} Nc6 {(00:
31} 8. Bg5 {(04:53} h6 {(02:07} 9. Bh4 {(00:03} g5 {
(00:14} 10. Bg3 {(00:02} e5 {(00:05} 11. dxe5 {(
02:56} dxe5 {(01:56} 12. e4 {(00:34} Ne7 {(07:07} 13.
Bc4 {(02:52} Ng6 {(06:00} 14. Nc3 {(02:07} Nc5 {
(08:50} 15. Qxd8 {(04:05} Rxd8 {(00:04} 16. Rad1 {
(00:46} Be6 {(00:32} 17. Bxe6 {(01:44} Nxe6 {(
00:06} 18. Rxd8+ {(03:46} Rxd8 {(00:08} 19. Rd1 {(00:
25} Rxd1+ {(00:17} 20. Nxd1 {(00:08} f6 {(00:05} 21.
Ne1 {(02:25} Bf8 {(01:19} 22. f3 {(02:05} Kf7 {(
01:48} 23. Bf2 {(01:43} a6 {(00:44} 24. Ne3 {(04:40}
Ngf4 {(01:57} 25. Nf5 {(00:35} h5 {(00:38} 26. Be3 {
(06:11} Bb4 {(00:49} 27. Bxf4 {(03:29} exf4 {(
02:49} 28. Nd3 {(00:38} Bf8 {(00:08} 29. Kf1 {(02:28}
b5 {(00:09} 30. b3 {(02:13} Ke8 {(04:11} 31. Ke2 {
(10:48} Kd7 {(08:09} 32. c3 {(00:46} Bd6 {(01:
55} 33. Kd2 {(01:59} c6 {(00:26} 34. Kc2 {(07:06} Bc7
{(01:33} 35. Nc1 {(01:09} Bb6 {(00:56} 36. Ne2 {
(01:07} Nf8 {(02:16} 37. Kd3 {(02:22} Ng6 {(00:
47} 38. Kd2 {(03:29} c5 {(02:44} 39. Nc1 {(04:34} c4 {
(00:51} 40. b4 {(00:00} Ne5 {(00:00} 41. Ne2 {(
04:14} Nd3 {(00:45} 42. Ned4 {(00:17} h4 {(00:25} 43.
Kd1 {(03:21} Bc7 {(11:35} 44. a3 {(01:31} Be5 {(
03:13} 45. Kd2 {(00:42} Bc7 {(01:31} 46. Ng7 {(02:21}
Bb6 {(02:00} 47. Ngf5 {(00:11} Ne5 {(00:10} 48. Ke2 {
(00:35} Nf7 {(04:12} 49. Kd2 {(00:41} Ba7 {(01:
26} 50. Ke2 {(00:05} Nd6 {(00:19} 51. Kd2 {(02:24} Bb6
{(08:49} 52. Nxd6 {(02:46} Kxd6 {(00:33} 53. Nf5+ {
(00:23} Ke5 {(01:31} 1/2-1/2

[Event "42nd Olympiad Baku 2016 Open"]
[Site "Baku"]
[Date "2016.09.08"]
[Round "6.11"]
[White "Colovic, Aleksandar"]
[Black "Kabilov, Amin"]
[Result "1-0"]
[ECO "A46"]
[WhiteElo "2432"]
[BlackElo "2150"]
[Annotator ""]
[PlyCount "169"]
[EventDate "2016.??.??"]
[EventCountry "AZE"]
[SourceTitle "playchess.com"]
[Source "ChessBase"]
[WhiteTeam "Macedonia"]
[BlackTeam "Tajikistan"]
[WhiteTeamCountry "MKD"]
[BlackTeamCountry "TJK"]
[TimeControl "40/5400+30:1800+30"]

1. d4 {(00:00} Nf6 {(00:05} 2. Nf3 {(00:00} e6 {
(02:42} 3. g3 {(00:50} b5 {(08:00} 4. Qd3 {(05:
24} a6 {(01:49} 5. e4 {(00:11} Bb7 {(01:39} 6. Nbd2 {
(05:26} d6 {(12:18} 7. Bg2 {(02:34} Be7 {(00:19]
} 8. O-O {(00:05} Nbd7 {(01:27} 9. Re1 {(03:35} O-O {
(01:46} 10. c3 {(05:12} c5 {(03:26} 11. e5 {(11:
16} dxe5 {(01:28} 12. dxe5 {(00:03} Nd5 {(02:42} 13.
Ne4 {(07:26} h6 {(12:46} 14. b3 {(06:20} Qc7 {(
08:00} 15. Ned2 {(11:55} Rfd8 {(11:21} 16. c4 {(03:10}
Nb4 {(04:46} 17. Qb1 {(02:48} Rab8 {(06:22} 18. a3 {
(02:36} Nc6 {(00:37} 19. Qb2 {(11:12} Nb6 {(03:
02} 20. cxb5 {(04:09} axb5 {(00:14} 21. Qc2 {(00:05}
Nd4 {(05:54} 22. Nxd4 {(00:04} Rxd4 {(00:13} 23. Ne4 {
(04:57} Rd7 {(04:46} 24. Bb2 {(04:59} Rbd8 {(01:
55} 25. Rac1 {(03:53} Bxe4 {(01:09} 26. Qxe4 {(00:32}
c4 {(01:04} 27. a4 {(01:49} bxa4 {(00:52} 28. bxa4 {
(00:33} Qa7 {(00:38} 29. Ra1 {(01:33} Bc5 {(00:
33} 30. Ba3 {(01:13} Bxa3 {(00:48} 31. Rxa3 {(00:01}
Qa5 {(00:37} 32. Raa1 {(01:19} Rd2 {(00:35} 33. Qc6 {
(00:19} Rb2 {(00:29} 34. Rec1 {(00:57} Rc8 {(00:
43} 35. Qb7 {(00:07} Qc5 {(00:35} 36. Qf3 {(00:24} Qa5
{(01:10} 37. Qc3 {(00:36} Qxc3 {(00:23} 38. Rxc3 {
(00:01} Nd5 {(00:18} 39. Rcc1 {(00:33} c3 {(00:
52} 40. a5 {(00:00} c2 {(00:00} 41. Bxd5 {(06:07} exd5
{(01:04} 42. Kf1 {(00:04} Kh7 {(08:47} 43. Ke2 {
(02:58} Ra8 {(04:39} 44. Kd3 {(02:07} Rb5 {(01:
29} 45. a6 {(03:11} Rb6 {(00:07} 46. Rxc2 {(02:42}
Raxa6 {(00:18} 47. Rxa6 {(00:03} Rxa6 {(00:11} 48. Kd4
{(00:01} Ra5 {(00:24} 49. h4 {(01:18} Kg6 {(02:
55} 50. Rc7 {(00:21} Ra3 {(03:21} 51. h5+ {(03:52} Kf5
{(01:36} 52. Rxf7+ {(00:54} Ke6 {(00:02} 53. Rxg7 {
(00:11} Ra4+ {(00:08} 54. Ke3 {(02:14} Ra3+ {(
01:07} 55. Kf4 {(01:38} Ra4+ {(00:38} 56. Kf3 {(00:50}
Kxe5 {(02:39} 57. Rg6 {(00:20} Kf5 {(05:35} 58. g4+ {
(02:09} Ke5 {(00:13} 59. Rxh6 {(00:04} Ra3+ {(
00:13} 60. Kg2 {(00:33} d4 {(01:16} 61. Rg6 {(04:41}
Kf4 {(03:24} 62. h6 {(00:18} Ra8 {(00:38} 63. h7 {
(02:22} Rh8 {(00:26} 64. Rg7 {(00:05} d3 {(00:
12} 65. Kf1 {(02:33} Re8 {(00:10} 66. Rd7 {(00:51}
Kxg4 {(01:03} 67. Rxd3 {(00:01} Rh8 {(00:34} 68. Rd7 {
(00:54} Kf3 {(00:49} 69. Rg7 {(00:29} Kf4 {(00:
30} 70. Kg2 {(00:01} Kf5 {(00:21} 71. Kg3 {(00:03} Kf6
{(00:37} 72. Rc7 {(00:03} Kf5 {(00:43} 73. Kh4 {
(01:29} Kg6 {(00:41} 74. Kg4 {(00:08} Ra8 {(00:
34} 75. Rd7 {(00:50} Rb8 {(00:23} 76. f4 {(00:21} Rh8
{(00:35} 77. f5+ {(01:31} Kh6 {(00:36} 78. Kf4 {
(00:15} Re8 {(00:18} 79. f6 {(01:24} Ra8 {(01:
03} 80. Kf5 {(01:04} Ra5+ {(00:28} 81. Ke6 {(00:05}
Ra6+ {(00:29} 82. Ke7 {(00:17} Ra8 {(00:25} 83. Rd8 {
(00:53} Ra7+ {(00:09} 84. Ke8 {(00:10} Kxh7 {(
01:08} 85. Rd7+ {(00:15} 1-0

[Event "42nd Olympiad Baku 2016 Open"]
[Site "Baku"]
[Date "2016.09.08"]
[Round "6.6"]
[White "Cupid, Kevin"]
[Black "Yang, ching Wei"]
[Result "0-1"]
[ECO "E11"]
[WhiteElo "2166"]
[BlackElo "1997"]
[Annotator ""]
[PlyCount "88"]
[EventDate "2016.??.??"]
[EventCountry "AZE"]
[SourceTitle "playchess.com"]
[Source "ChessBase"]
[WhiteTeam "TTO"]
[BlackTeam "Taiwan"]
[BlackTeamCountry "TPE"]
[TimeControl "40/5400+30:1800+30"]

1. d4 {(00:00} Nf6 {(00:00} 2. c4 {(00:00} e6 {(
00:05} 3. Nf3 {(00:00} Bb4+ {(00:32} 4. Nbd2 {(00:00}
b6 {(00:35} 5. e3 {(00:11} Bb7 {(01:05} 6. Bd3 {
(00:04} O-O {(01:44} 7. Qc2 {(00:18} d6 {(09:22]
} 8. O-O {(00:07} Bxd2 {(00:07} 9. Bxd2 {(01:21} Nbd7 {
(00:37} 10. e4 {(00:38} e5 {(00:42} 11. c5 {(16:
21} dxc5 {(06:48} 12. dxe5 {(00:11} Ng4 {(01:29} 13.
Bf4 {(00:58} Re8 {(03:11} 14. e6 {(33:02} Rxe6 {
(04:26} 15. Bc4 {(00:34} Bxe4 {(23:01} 16. Qb3 {
(02:08} Re7 {(01:36} 17. Rad1 {(06:35} Ngf6 {(
15:58} 18. Ne5 {(20:23} Qe8 {(04:49} 19. Bb5 {(00:17}
a6 {(01:58} 20. Bxd7 {(09:45} Nxd7 {(00:32} 21. Ng4 {
(00:39} h5 {(04:16} 22. Ne3 {(01:04} Nf6 {(00:
01} 23. f3 {(01:18} Bc6 {(01:21} 24. Nf5 {(00:50} Re6
{(03:20} 25. Qc3 {(00:38} g6 {(02:05} 26. Bg5 {(
01:39} gxf5 {(02:20} 27. Bxf6 {(00:01} Qf8 {(01:24}
28. h4 {(00:34} Qh6 {(02:43} 29. Bg5 {(00:02} Qg6 {
(00:11} 30. Rf2 {(01:44} Rae8 {(01:37} 31. Rdd2 {
(02:13} Qg7 {(00:46} 32. Qd3 {(00:43} Qe5 {(03:
03} 33. f4 {(01:04} Qe3 {(02:39} 34. Qxa6 {(00:50} f6
{(01:44} 35. Kh2 {(00:15} fxg5 {(00:15} 36. fxg5 {
(00:20} Qe4 {(00:24} 37. Kg1 {(00:59} Qxh4 {(00:
30} 38. Rf1 {(00:23} Re1 {(01:00} 39. Rdf2 {(00:20}
Qd4 {(00:32} 40. Kh2 Qh4+ {(00:00} 41. Kg1 {(00:28}
Bxg2 {(07:03} 42. Kxg2 {(00:56} R1e4 {(00:17} 43. Rg1 {
(08:19} Rg4+ {(01:12} 44. Kf1 {(00:02} Qh3+ {(
00:12} 0-1

[Event "42nd Olympiad Baku 2016 Open"]
[Site "Baku"]
[Date "2016.09.08"]
[Round "6.16"]
[White "Dacres, Don"]
[Black "Bateman, Kerry"]
[Result "0-1"]
[ECO "E10"]
[WhiteElo "1713"]
[BlackElo "1785"]
[Annotator ""]
[PlyCount "119"]
[EventDate "2016.??.??"]
[EventCountry "AZE"]
[SourceTitle "playchess.com"]
[Source "ChessBase"]
[WhiteTeam "Bermuda"]
[BlackTeam "Channel Islands"]
[WhiteTeamCountry "BER"]
[BlackTeamCountry "GCI"]
[TimeControl "40/5400+30:1800+30"]

1. d4 {(00:00} Nf6 {(00:00} 2. c4 {(00:00} e6 {(
00:00} 3. Nf3 {(00:12} c5 {(01:15} 4. e3 {(01:06} d5 {
(00:57} 5. dxc5 {(00:39} Bxc5 {(00:50} 6. Nc3 {(
01:17} O-O {(02:38} 7. Be2 {(00:10} Nc6 {(01:27} 8.
cxd5 {(02:28} exd5 {(00:50} 9. O-O {(00:16} Re8 {
(04:47} 10. Na4 {(04:17} Bd6 {(08:14} 11. Nd4 {(
05:08} Bd7 {(03:29} 12. Nc3 {(05:22} Rc8 {(09:21} 13.
Bd2 {(00:55} Qe7 {(07:44} 14. Re1 {(03:34} Ne5 {
(05:07} 15. f3 {(06:59} Ng6 {(09:25} 16. a3 {(
01:09} h6 {(07:00} 17. b4 {(00:58} Rxc3 {(01:12} 18.
Nb5 {(05:11} Rcc8 {(10:54} 19. Nxa7 {(00:42} Ra8 {
(00:48} 20. Nb5 {(00:13} Bxb5 {(07:27} 21. Bxb5 {
(00:14} Rec8 {(01:40} 22. Qb3 {(03:05} Qe5 {(01:
26} 23. f4 {(00:32} Qh5 {(00:51} 24. Be2 {(00:15} Qf5
{(02:47} 25. Rad1 {(01:20} Ne4 {(01:34} 26. Bd3 {
(00:39} Nh4 {(03:58} 27. Re2 {(01:20} g5 {(02:
03} 28. Rf1 {(00:46} g4 {(01:20} 29. Rd1 {(01:51} Nf3+
{(02:30} 30. gxf3 {(01:25} gxf3 {(00:09} 31. Bxe4 {
(01:18} Qg4+ {(00:28} 32. Kh1 {(00:33} fxe2 {(
03:09} 33. Rg1 {(00:01} Rc1 {(00:03} 34. Bg2 {(00:33}
Rxg1+ {(00:30} 35. Kxg1 {(00:02} Qh4 {(00:47} 36. Qb1 {
(00:10} Rxa3 {(00:36} 37. Qe1 {(00:19} Qxe1+ {(
00:12} 38. Bxe1 {(00:01} Ra1 {(00:47} 39. Kf2 {(00:01}
Ra2 {(00:37} 40. Bf3 {(00:00} Rb2 {(00:00} 41. Bxe2 {
(00:04} Bxb4 {(02:14} 42. Bxb4 {(00:45} Rxb4 {(
00:15} 43. h4 {(00:42} Rb2 {(00:53} 44. Ke1 {(00:47}
Rc2 {(02:56} 45. Kd1 {(00:10} Rc5 {(00:13} 46. Bd3 {
(01:24} b5 {(01:33} 47. Kd2 {(00:27} f6 {(05:00]
} 48. Kd1 {(00:25} Kf7 {(00:56} 49. f5 {(00:31} Ke7 {
(00:12} 50. Kd2 {(01:16} Kd6 {(00:20} 51. Bb1 {(
00:23} Ke5 {(00:37} 52. Bd3 {(00:41} b4 {(02:09} 53.
Bb1 {(00:29} Rc4 {(01:25} 54. h5 {(00:23} d4 {(
00:27} 55. e4 {(00:16} Rc3 {(02:44} 56. Bd3 {(00:26}
b3 {(01:29} 57. Ke2 {(00:43} b2 {(01:59} 58. Bb1 {
(00:48} Rc1 {(00:31} 59. Kd2 {(00:48} Rxb1 {(00:
12} 60. Kc2 {(00:04} 0-1

[Event "42nd Olympiad Baku 2016 Open"]
[Site "Baku"]
[Date "2016.09.08"]
[Round "6.8"]
[White "Daly, Colm"]
[Black "Morris, Charles F"]
[Result "1/2-1/2"]
[ECO "C11"]
[WhiteElo "2328"]
[BlackElo "2127"]
[Annotator ""]
[PlyCount "100"]
[EventDate "2016.??.??"]
[EventCountry "AZE"]
[SourceTitle "playchess.com"]
[Source "ChessBase"]
[WhiteTeam "Ireland"]
[BlackTeam "Wales"]
[WhiteTeamCountry "IRL"]
[BlackTeamCountry "WLS"]
[TimeControl "40/5400+30:1800+30"]

1. e4 {(00:00} e6 {(00:00} 2. d4 {(00:04} d5 {(
00:00} 3. Nc3 {(00:06} Nf6 {(00:57} 4. e5 {(00:42}
Nfd7 {(00:05} 5. f4 {(00:03} c5 {(00:04} 6. Nf3 {
(00:04} Nc6 {(00:04} 7. Be3 {(00:04} cxd4 {(00:
11} 8. Nxd4 {(00:04} Bc5 {(00:05} 9. Qd2 {(00:04} O-O
{(00:10} 10. O-O-O {(00:05} a6 {(00:08} 11. Kb1 {
(00:46} Bxd4 {(09:57} 12. Bxd4 {(07:19} b5 {(00:
04} 13. Be3 Na5 {(20:18} 14. Qf2 {(17:42} Qe7 {(08:23}
15. Bd3 {(08:05} Nc4 {(00:17} 16. Bd4 {(06:11} Bb7 {
(09:47} 17. Rhe1 {(01:33} Rac8 {(03:26} 18. Bxc4 {
(08:08} Rxc4 {(01:28} 19. b3 {(02:41} Rc7 {(00:
24} 20. Ne2 {(01:26} Rfc8 {(01:44} 21. Rc1 {(00:12}
Qb4 {(15:05} 22. Red1 {(10:36} a5 {(02:39} 23. Qe3 {
(05:35} Nc5 {(05:57} 24. c3 {(04:09} Qa3 {(00:
09} 25. Bxc5 {(00:21} Rxc5 {(00:18} 26. Nd4 {(00:22}
a4 {(04:39} 27. Qd2 {(18:19} axb3 {(01:24} 28. axb3 {
(00:11} b4 {(05:57} 29. cxb4 {(01:27} Rxc1+ {(
02:10} 30. Rxc1 {(01:07} Rxc1+ {(00:04} 31. Qxc1 {(00:
06} Qxb4 {(00:03} 32. Qe3 {(00:31} Ba6 {(05:44} 33.
Kb2 {(00:55} Qb6 {(01:19} 34. g4 {(00:29} Be2 {(
00:38} 35. Qc3 {(03:30} Ba6 {(01:27} 36. b4 {(00:23}
Bc4 {(00:14} 37. Kc1 {(01:35} Qa7 {(01:02} 38. Qb2 {
(00:03} Kf8 {(00:41} 39. b5 {(01:45} Qa5 {(00:
05} 40. b6 {(00:00} Qe1+ {(00:00} 41. Kc2 {(01:13}
Qf2+ {(04:41} 42. Kc3 {(04:11} Qe1+ {(00:16} 43. Qd2 {
(01:27} Qa1+ {(00:58} 44. Kb4 {(00:38} Qa6 {(02:
48} 45. Kc5 {(01:14} Ke8 {(00:53} 46. Qb4 {(06:23}
Qc8+ {(00:58} 47. Nc6 {(01:29} Ba6 {(00:03} 48. Kd6 {
(09:47} Qd7+ {(01:03} 49. Kc5 {(00:02} Qc8 {(00:
17} 50. Kd6 {(01:55} Qd7+ 1/2-1/2